 Dungeon Crawl Stone Soup version 0.27-a0-1147-gb3d8e82157 (webtiles) character file.

Game seed: 2998040603306793556

903 senseless the Chopper (level 7, -9/61 HPs)
             Began as a Minotaur Fighter on May 11, 2021.
             Was an Initiate of Cheibriados.
             Killed from afar by an electric eel (12 damage)
             ... with a bolt of electricity
             ... on level 6 of the Dungeon.
             The game lasted 00:08:41 (4598 turns).

senseless the Chopper (Minotaur Fighter)            Turns: 4598, Time: 00:08:42

Health: -9/61      AC: 10    Str: 24    XL:     7   Next: 80%
Magic:  6/6        EV:  8    Int:  6    God:    Cheibriados [......]
Gold:   348        SH: 10    Dex: 10    Spells: 6/6 levels left

rFire    . . .     SeeInvis .   a - +2 war axe
rCold    . . .     Faith    .   c - +0 kite shield
rNeg     . . .     Spirit   .   b - +0 scale mail
rPois    .         Reflect  .   (helmet restricted)
rElec    .         Harm     .   g - +0 cloak
rCorr    .         Rampage  .   (no gloves)
Will     .....                  s - +0 pair of boots
Stlth    ..........             i - amulet of regeneration
HPRegen  1.20/turn              (no ring)
MPRegen  0.10/turn              (no ring)

@: very slow
A: horns 2, retaliatory headbutt
a: Renounce Religion, Bend Time


You were on level 6 of the Dungeon.
You worshipped Cheibriados.
Cheibriados was noncommittal.
You visited 2 branches of the dungeon, and saw 7 of its levels.

You collected 348 gold pieces.

Inventory:

Hand Weapons
 a - a +2 war axe (weapon)
 f - a +2 quarterstaff of chaos
Missiles
 n - 3 throwing nets (quivered)
 q - 4 boomerangs of dispersal
Armour
 b - a +0 scale mail (worn)
 c - a +0 kite shield (worn)
 g - a +0 cloak (worn)
 r - a +2 buckler
 s - a +0 pair of boots (worn)
Jewellery
 i - an amulet of regeneration (around neck)
Wands
 l - a wand of polymorph (11)
Scrolls
 k - a scroll of amnesia
 p - 2 scrolls of teleportation
Potions
 d - a potion of might
 e - a potion of flight
 j - a potion of resistance
 m - a potion of invisibility {unknown}
 o - 2 potions of haste {unknown}
 t - a potion of brilliance {unknown}


   Skills:
 + Level 5.3 Fighting
 + Level 7.1 Axes
 + Level 5.5 Armour
 + Level 2.0 Dodging
 + Level 1.1 Stealth
 + Level 6.2 Shields


You had 6 spell levels left.
You didn't know any spells.
Your spell library contained the following spells:

 Spells                   Type           Power      Damage    Failure   Level
 Corona                   Hex            0%         N/A       98%         1
 Shock                    Conj/Air       0%         1d3       98%         1
 Corpse Rot               Necr/Air       N/A        N/A       99%         2
 Ensorcelled Hibernation  Hex/Ice        0%         N/A       99%         2
 Confusing Touch          Hex            0%         N/A       100%        3
 Dazzling Flash           Conj/Hex       0%         N/A       100%        3
 Gell's Gravitas          Tloc           0%         N/A       100%        3
 Mephitic Cloud           Conj/Pois/Air  0%         N/A       100%        3
 Tukima's Dance           Hex            0%         N/A       100%        3
 Olgreb's Toxic Radiance  Pois           0%         N/A       100%        4
 Petrify                  Tmut/Erth      0%         N/A       100%        4
 Summon Lightning Spire   Summ/Air       0%         N/A       100%        4
 Metabolic Englaciation   Hex/Ice        0%         N/A       100%        5
 Yara's Violent Unravell  Hex/Tmut       0%         3d3       100%        5
 Freezing Cloud           Conj/Ice/Air   0%         6-21      100%        6


Dungeon Overview and Level Annotations

Branches:
Dungeon (6/15)             Temple (1/1) D:6

Altars:
Ashenzari
Cheibriados
Dithmenos
Gozag
Okawaru
Qazlal
Trog
Uskayaw
Vehumet

Annotations:
D:4 1 runed translucent door, jordank93's ghost, novice HOFi


Innate Abilities, Weirdness & Mutations

You have a pair of horns on your head.
You reflexively headbutt those who attack you in melee.


Message History

You miss the electric eel. Your headbutt misses the electric eel.
The electric eel is moderately wounded.
You hit the adder. You block the adder's attack. The adder barely misses you.
You hit the electric eel.
The electric eel is heavily wounded.
You hit the adder but do no damage. The adder closely misses you.
The adder barely misses you.
You miss the electric eel. Your headbutt misses the electric eel.
The electric eel is heavily wounded.
You hit the adder. The adder barely misses you.
You closely miss the electric eel.
The electric eel is heavily wounded.
You slash the adder!
You kill the adder!
Cheibriados thoroughly appreciates the change of pace.
You barely miss the electric eel. Your headbutt misses the electric eel.
The electric eel is heavily wounded.
The electric eel shoots out a bolt of lightning at you!
The bolt of electricity hits you! The bolt of electricity hits you.
The bolt of electricity hits the electric eel.
The electric eel completely resists.
The electric eel shoots out a bolt of lightning at you!
The bolt of electricity hits you!
* * * LOW HITPOINT WARNING * * *
The bolt of electricity hits you!
* * * LOW HITPOINT WARNING * * *
The bolt of electricity hits the electric eel.
The electric eel completely resists.
You feel better.
The electric eel shoots out a bolt of lightning at you!
The bolt of electricity hits you.
* * * LOW HITPOINT WARNING * * *
The bolt of electricity hits you!
* * * LOW HITPOINT WARNING * * *
The bolt of electricity misses the electric eel.
You miss the electric eel.
The electric eel is heavily wounded.
The electric eel shoots out a bolt of lightning at you!
The bolt of electricity misses you. The bolt of electricity hits you!
You die...

....##.##....##.###.......
.......##...##............
#.....###..##.####........
#.....###.#..## #.......$
##.....#.....## #........
#.......###..## #........
##....####....###........
#.....###.##...#...P..♣.
##....##..###.@;≈≈≈≈.≈≈♣
#.......## #..†≈≈.≈≈≈≈≈
##.....## #♣♣≈.≈≈≈≈≈
#.....# ≈≈≈≈≈≈≈ #....####
≈♣≈.≈.≈ ##..#...# ≈≈.≈P≈.
######## .. ..♣. ######


You could see an electric eel.

Vanquished Creatures
  2 black bears (D:6)
  An ogre (D:4)
  2 scorpions
  A water moccasin zombie (D:6)
  A jelly (D:6)
  Crazy Yiuf (D:2)
  A bullfrog zombie (D:5)
  A bullfrog skeleton (D:4)
  3 iguanas
  An orc wizard (D:5)
  3 gnolls (D:5)
  13 adders
  A worm (D:4)
  5 dart slugs
  5 orcs
  8 endoplasms
  2 giant cockroaches
  8 goblins
  2 hobgoblins
  5 jackals
  2 quokkas
  9 ball pythons
  5 bats
  5 frilled lizards
  A jackal zombie (D:2)
  9 kobolds
  8 rats
105 creatures vanquished.

Vanquished Creatures (others)
  19 plants
  6 toadstools (D:2)
  2 withered plants (D:4)
27 creatures vanquished.

Grand Total: 132 creatures vanquished

Notes
Turn   | Place    | Note
-------+----------+-------------------------------------------
     0 | D:1      | senseless the Minotaur Fighter began the quest for the Orb.
     0 | D:1      | Reached XP level 1. HP: 19/19 MP: 0/0
    34 | D:1      | Found a faded altar of an unknown god.
   129 | D:1      | Reached XP level 2. HP: 27/27 MP: 1/1
   534 | D:2      | Reached XP level 3. HP: 28/33 MP: 2/2
  1088 | D:2      | Reached skill level 3 in Axes
  1204 | D:2      | Found a runed translucent door.
  1205 | D:2      | Noticed Crazy Yiuf
  1307 | D:2      | Reached XP level 4. HP: 40/40 MP: 3/3
  1324 | D:2      | Identified the Handbook of Venom and Flight
  1775 | D:2      | Killed Crazy Yiuf
  1776 | D:2      | Reached skill level 5 in Shields
  1885 | D:3      | Noticed a +0 dagger
  1885 | D:3      | Noticed a +0 spear
  1887 | D:3      | Noticed a +0 falchion
  1887 | D:3      | Noticed a +0 spear
  1887 | D:3      | Noticed a +0 short sword
  1935 | D:3      | Found a radiant altar of Vehumet.
  2067 | D:3      | Found a hide-covered altar of Uskayaw.
  2067 | D:3      | Noticed a +0 short sword
  2067 | D:3      | Noticed a +0 falchion
  2068 | D:3      | Noticed a +0 dagger
  2310 | D:3      | Reached XP level 5. HP: 35/46 MP: 4/4
  2673 | D:4      | Found a runed translucent door.
  2673 | D:4      | Noticed jordank93's ghost (novice HOFi)
  2679 | D:4      | Reached skill level 4 in Axes
  2685 | D:4      | Noticed an ogre
  2695 | D:4      | Killed an ogre
  2696 | D:4      | Reached XP level 6. HP: 24/53 MP: 5/5
  2858 | D:4      | Reached skill level 5 in Axes
  2881 | D:4      | Reached skill level 5 in Armour
  3325 | D:5      | Entered Level 5 of the Dungeon
  3394 | D:5      | Reached skill level 1 in Dodging
  3592 | D:5      | Reached XP level 7. HP: 56/60 MP: 6/6
  3686 | D:5      | Reached skill level 6 in Axes
  4161 | D:6      | Reached skill level 5 in Fighting
  4161 | D:6      | Reached skill level 1 in Stealth
  4346 | D:6      | Found a staircase to the Ecumenical Temple.
  4385 | Temple   | Entered the Ecumenical Temple
  4420 | Temple   | Became a worshipper of Cheibriados the Contemplative
  4584 | D:6      | Reached skill level 7 in Axes
  4597 | D:6      | HP: 1/61 [electric eel/bolt of electricity (8)]
  4598 | D:6      | Killed from afar by an electric eel

Illustrated notes

Levels and vault maps discovered:
D:1:      lightli_molten_gateway, layout_basic,
          chequers_ecumenical_altar_simple_redux
D:2:      layout_basic, kennysheep_minor_cross, st_stairs_12,
          kennysheep_cluttered_room, minmay_gold_behind_fungi,
          serial_bayou_lagoon_a, uniq_crazy_yiuf_cottage
D:3:      layout_basic, nicolae_uskayaw_en_pointe, nicolae_vehumet_radiance,
          lexackson_kobold_supper
D:4:      layout_rooms, serial_corexii_hall, corexii_hall_statues_i,
          chequers_hall_statues_wall_a, gammafunk_ghost_grave,
          eino_small_chamber_without_monster
D:5:      layout_basic, amcnicky_mini_pool_small, fountainhead, nrook_campfire
D:6:      layout_cave_pods, minmay_temple_entry_wispy, grunt_ministairs_8,
          serial_bayou_pond_b
Temple:   regret_index_temple_waves

Skill      XL: |  1  2  3  4  5  6  7 |
---------------+----------------------+-----
Shields        | 4 5 6 |  6.2
Armour         | 4 5 |  5.5
Axes           | 3 4 5 7 |  7.1
Fighting       | 4 5 |  5.3
Dodging        | 1 2 |  2.0
Stealth        | 1 |  1.1

Action                   |  1- 3 |  4- 6 |  7- 9 || total
-------------------------+-------+-------+-------++-------
Melee: War axe           |    76 |   124 |    56 ||   256
       Headbutt          |    10 |    16 |     5 ||    31
  Use: Scroll            |     2 |     7 |     3 ||    12
       Potion            |       |     2 |     1 ||     3
Armor: Scale mail        |    48 |    50 |    25 ||   123
Dodge: Dodged            |    25 |    43 |    25 ||    93
Block: Kite shield       |    51 |    62 |    28 ||   141

Table legend: (Time is in decaauts)
 A = Elapsed time spent in this place.
 B = Non-inter-level travel time spent in this place.
 C = Inter-level travel time spent in this place.
 D = Time resting spent in this place.
 E = Time spent auto-exploring this place.
 F = Levels seen in this place.
 G = Mean time per level.
                   A        B        C        D        E       F      G
               +--------+--------+--------+--------+--------+-----+--------+
         Total |   4752 |   4540 |    212 |    138 |   3690 |   7 |  678.9 |
       Dungeon |   4675 |   4502 |    173 |    138 |   3659 |   6 |  779.2 |
        Temple |     76 |     37 |     39 |      0 |     31 |   1 |   76.0 |
               +--------+--------+--------+--------+--------+-----+--------+

Top non-repeatable levels by time:
     D:2: 1335 daAuts
     D:3: 883 daAuts
     D:5: 852 daAuts
     D:4: 673 daAuts
     D:1: 534 daAuts
     D:6: 396 daAuts
  Temple: 76 daAuts
